 Dungeon Crawl Stone Soup version 0.18.1-6-gd335043 (webtiles) character file.

1246 kae the Archer (level 8, 0/75 HPs)
             Began as a High Elf Hunter on May 16, 2016.
             Was a Follower of Okawaru.
             Slain by Duvessa
             ... wielding a +2 rapier of protection
              (4 damage)
             ... on level 5 of the Dungeon.
             The game lasted 00:09:38 (6296 turns).

kae the Archer (High Elf Hunter)                    Turns: 6296, Time: 00:09:39

Health: 0/75       AC: 24    Str:  8 (11) XL:     8   Next: 25%
Magic:  9/9        EV:  2    Int: 14 (15) God:    Okawaru [*.....]
Gold:   114        SH:  0    Dex: 17 (18) Spells: 0 memorised, 7 levels left

rFire  + . .     SeeInvis .     b - +1 dagger (freeze)
rCold  + . .     Gourm    .     (armour currently unavailable)
rNeg   + + +     Faith    .     (no shield)
rPois  +         Spirit   .     (helmet currently unavailable)
rElec  +         Dismiss  .     (cloak currently unavailable)
rCorr  +         Reflect  .     (gloves currently unavailable)
SustAt .         Harm     .     (boots currently unavailable)
MR     .....     NoTele   +     (no amulet)
Stlth  ++........               (no ring)
                                (no ring)

@: tree-form, resistant, very slightly contaminated, invisible, not resistant to
hostile enchantments, unstealthy
A: no striking features
a: Heroism, Renounce Religion


You were on level 5 of the Dungeon.
You worshipped Okawaru.
Okawaru was aware of your devotion.
You were very hungry.
You were a tree.
You visited 2 branches of the dungeon, and saw 6 of its levels.

You collected 231 gold pieces.
You spent 117 gold pieces at shops.

Inventory:

Hand Weapons
 a - a +1 shortbow
 b - a +1 dagger of freezing (weapon)
 o - a +0 short sword
Armour
 c - a +0 leather armour (melded)
 i - a +1 pair of gloves (melded)
 m - a +1 hat (melded)
 s - a +1 pair of boots (melded)
Wands
 r - a wand of lightning (15/15)
 x - a wand of slowing (22/48)
Scrolls
 e - a scroll of recharging
 g - 6 scrolls of identify
Potions
 v - a potion of degeneration
Books
 p - a book of Clouds

   Spells                             Type                      Level
   a - Mephitic Cloud                 Conjuration/Poison/Air       3
   b - Conjure Flame                  Conjuration/Fire             3
   c - Poisonous Cloud                Conjuration/Poison/Air       6
   d - Freezing Cloud                 Conjuration/Ice/Air          6
   e - Ring of Flames                 Charms/Fire                  7
 t - a book of Minor Magic

   Spells                             Type                      Level
   a - Magic Dart                     Conjuration                  1
   b - Blink                          Translocation                2
   c - Call Imp                       Summoning                    2
   d - Repel Missiles                 Charms/Air                   2
   e - Slow                           Hexes                        2
   f - Conjure Flame                  Conjuration/Fire             3
   g - Mephitic Cloud                 Conjuration/Poison/Air       3
Comestibles
 f - 6 bread rations
 j - 3 meat rations
 q - a fruit
 z - a beef jerky


   Skills:
 - Level 2.0 Fighting
 + Level 13.4 Bows
 - Level 2.1 Dodging
 - Level 1.1 Stealth


You had 7 spell levels left.
You didn't know any spells.

Dungeon Overview and Level Annotations

Branches:
Dungeon (5/15)             Temple (1/1) D:4

Altars:
Dithmenos
Fedhas
Makhleb
Okawaru
Vehumet
Zin

Shops:
D:5 [

Annotations:
D:5 Duvessa


Message History

You hit Duvessa but do no damage.
Duvessa is severely wounded.
Duvessa is no longer berserk.
Duvessa hits you with a rapier of protection.
* * * LOW HITPOINT WARNING * * *
Duvessa hits you but does no damage.
You hit Duvessa but do no damage.
Duvessa is severely wounded.
You barely miss Duvessa.
Duvessa is severely wounded.
Duvessa hits you with a rapier of protection!
* * * LOW HITPOINT WARNING * * *
Read which item? (? for menu, Esc to quit)
Okay, then.
Drink which item? (? for menu, Esc to quit)
Okay, then.
You hit Duvessa. You freeze Duvessa.
Duvessa is severely wounded.
Duvessa hits you with a rapier of protection.
You die...

#..#####.###### #..#
#####.....##......# #..#
...###.##.##..###.####..# ##.#
#.##.##..# #.......#####
##.###......>.###.#####.....#####
....#########...............##...
##..# ###.#######..>....... ##..#
#...## #.....##.## ....# #..♣.#
#.....##.##
###.#############e########....#..
#......#........()....(#...#.##
#..#####.........(.....###.....
###....###....#######(...# #...##
..##.....#..[ ...(#..<....
#......###.. ..).###..###
#..#.#...#. e.Y.# #..# ....###.##
..(.# ....


You could see Duvessa.

Vanquished Creatures
  2 sky beasts (D:5)
  An ice beast (D:5)
  A necrophage (D:3)
  4 ogres (D:4)
  A big kobold (D:5)
  Dowan (D:5)
  A howler monkey (D:5)
  A crimson imp (D:5)
  A jelly (D:5)
  A quasit (D:5)
  3 worker ants (D:4)
  A hound zombie (D:5)
  3 gnolls
  11 adders
  An adder skeleton (D:5)
  3 worms
  3 dart slugs
  2 giant geckos
  2 orcs
  A ball python (D:4)
  8 bats
  2 giant cockroaches
  6 hobgoblins
  4 jackals (D:3)
  3 quokkas
  A giant gecko skeleton (D:4)
  6 giant newts
  3 goblins
  12 kobolds
  A quokka skeleton (D:4)
  3 rats
93 creatures vanquished.

Vanquished Creatures (others)
  2 hobgoblins (D:3)
2 creatures vanquished.

Grand Total: 95 creatures vanquished

Notes
Turn   | Place    | Note
--------------------------------------------------------------
     0 | D:1      | kae the High Elf Hunter began the quest for the Orb.
     0 | D:1      | Reached XP level 1. HP: 14/14 MP: 2/2
   505 | D:1      | Reached XP level 2. HP: 11/19 MP: 3/3
   705 | D:1      | Reached skill level 6 in Bows
  1428 | D:2      | Reached XP level 3. HP: 24/24 MP: 4/4
  1497 | D:2      | Reached skill level 7 in Bows
  1952 | D:2      | Reached XP level 4. HP: 28/29 MP: 5/5
  2253 | D:3      | Found an iron altar of Okawaru.
  2362 | D:3      | Became a worshipper of Warmaster Okawaru
  2375 | D:3      | Found a radiant altar of Vehumet.
  2440 | D:3      | Noticed a necrophage
  2448 | D:3      | Killed a necrophage
  2448 | D:3      | Reached skill level 8 in Bows
  2448 | D:3      | Reached XP level 5. HP: 18/33 MP: 6/6
  2789 | D:3      | Found a burning altar of Makhleb.
  3014 | D:4      | Reached skill level 9 in Bows
  3337 | D:4      | Noticed an ogre
  3343 | D:4      | Killed an ogre
  3343 | D:4      | Reached skill level 10 in Bows
  3343 | D:4      | Reached XP level 6. HP: 35/38 MP: 7/7
  3358 | D:4      | Found a shadowy altar of Dithmenos.
  3441 | D:4      | Found a staircase to the Ecumenical Temple.
  3489 | Temple   | Entered the Ecumenical Temple
  4305 | D:4      | Found a blossoming altar of Fedhas.
  4333 | D:4      | Reached skill level 11 in Bows
  4333 | D:4      | Reached XP level 7. HP: 45/45 MP: 8/8
  4340 | D:4      | Reached * piety under Okawaru
  4748 | D:5      | Entered Level 5 of the Dungeon
  4987 | D:5      | Found a glowing silver altar of Zin.
  5014 | D:5      | Reached skill level 12 in Bows
  6089 | D:5      | Reached XP level 8. HP: 50/50 MP: 9/9
  6171 | D:5      | Reached skill level 13 in Bows
  6178 | D:5      | Found Leuss's Antique Armour Shop.
  6182 | D:5      | Bought a pair of runed gloves for 117 gold pieces
  6231 | D:5      | Noticed Duvessa
  6231 | D:5      | Noticed Dowan
  6245 | D:5      | Killed Dowan
  6296 | D:5      | Slain by Duvessa

Skill      XL: |  1  2  3  4  5  6  7  8 |
---------------+-------------------------+-----
Bows           | 6 7 8 10 11 12 13 | 13.4
Fighting       | |  2.0
Dodging        | |  2.1
Stealth        | |  1.1

Action                   |  1- 3 |  4- 6 |  7- 9 || total
-------------------------+-------+-------+-------++-------
Melee: Short sword       |    70 |       |       ||    70
       Dagger            |     3 |    81 |   138 ||   222
       Punch             |       |       |     2 ||     2
 Fire: Shortbow          |    49 |    72 |   120 ||   241
Invok: Heroism           |       |       |     5 ||     5
  Use: Scroll            |       |     7 |     2 ||     9
       Potion            |       |     3 |     5 ||     8
 Stab: Sleeping          |       |     1 |       ||     1
       Invisible         |       |       |     1 ||     1
  Eat: Chunk             |     3 |     7 |     3 ||    13
       Fruit             |       |     1 |     2 ||     3
Armor: Leather armour    |    38 |    14 |    78 ||   130
       Skin              |       |       |     6 ||     6
Dodge: Dodged            |    79 |    56 |   135 ||   270
